 Dungeon Crawl Stone Soup version 0.22-a0-570-g58866f5d57 (webtiles) character file.

138 Gynju the Shield-Bearer (level 5, -10/47 HPs)
             Began as a Minotaur Fighter on June 30, 2018.
             Killed by divine providence
             ... invoked by an orc priest
              (15 damage)
             ... on level 3 of the Dungeon.
             The game lasted 00:01:56 (1663 turns).

Gynju the Shield-Bearer (Minotaur Fighter)          Turns: 1663, Time: 00:01:58

Health: -10/47     AC:  7    Str: 22    XL:     5   Next: 1%
Magic:  4/4        EV:  7    Int:  5    God:
Gold:   156        SH:  9    Dex:  9    Spells: 4/4 levels left

rFire    . . .     SeeInvis .   a - +0 war axe
rCold    . . .     Gourm    .   c - +0 shield
rNeg     . . .     Faith    .   b - +0 scale mail
rPois    .         Spirit   .   (helmet restricted)
rElec    .         Reflect  .   (no cloak)
rCorr    .         Harm     .   (no gloves)
MR       .....                  (no boots)
Stlth    ..........             (no amulet)
HPRegen  0.15/turn              (no ring)
MPRegen  0.09/turn              (no ring)

@: no status effects
A: retaliatory headbutt, horns 2
a: no special abilities


You were on level 3 of the Dungeon.
You were hungry.

You visited 1 branch of the dungeon, and saw 3 of its levels.

You collected 156 gold pieces.

Inventory:

Hand Weapons
 a - a +0 war axe (weapon)
Armour
 b - a +0 scale mail (worn)
 c - a +0 shield (worn)
Jewellery
 q - an uncursed amulet of guardian spirit {unknown}
 s - an uncursed ring of flight {unknown}
Scrolls
 e - a scroll of enchant armour {unknown}
 h - 4 scrolls of identify {unknown}
 j - a scroll of amnesia {unknown}
 k - a scroll of magic mapping {unknown}
 l - a scroll of fog {unknown}
 n - a scroll of remove curse {unknown}
 r - a scroll of teleportation {unknown}
Potions
 d - a potion of might
 i - 2 potions of lignification {unknown}
 m - a potion of curing {unknown}
 o - a potion of mutation {unknown}
 p - a potion of berserk rage {unknown}
Comestibles
 f - 4 rations
 g - 3 chunks of flesh


   Skills:
 + Level 4.6 Fighting
 + Level 3.7 Axes
 + Level 4.6 Armour
 + Level 4.7 Shields


You had 4 spell levels left.
You didn't know any spells.
Your spell library was empty.

Dungeon Overview and Level Annotations

Branches:
Dungeon (3/15)

Altars:


Innate Abilities, Weirdness & Mutations

You reflexively headbutt those who attack you in melee.
You have a pair of horns on your head.


Message History

You hit the orc but do no damage. You hit the orc priest.
The orc hits you with a flail.
* * * LOW HITPOINT WARNING * * *
The orc priest hits you with a flail.
* * * LOW HITPOINT WARNING * * *
The orc hits you with a flail.
* * * LOW HITPOINT WARNING * * *
Your shield prevents you from hitting the orc priest.
The orc priest is moderately wounded.
You hit the orc.
The orc priest looks encouraged for a moment.
The orc hits you with a flail.
* * * LOW HITPOINT WARNING * * *
Your shield prevents you from hitting the orc priest.
The orc priest is moderately wounded.
Your shield and scale mail prevent you from hitting the hobgoblin.
You hit the orc.
The orc priest calls down the wrath of Beogh upon you.
Beogh smites you!
You die...

#.# ##..## #.#
####..... #.##
.....###.
##.#####...........
#......##.##.##.#.
#.#.##### .. #.#.
##...# ### #.#.
##....## ..##
#..@...# ## #
#.goo#.# #
#...#.... #
#.....?### #
...#...# ##.. ....
#.. ...## ... ###
... ... #


You could see an orc priest, an orc and a hobgoblin.

Vanquished Creatures
  An orc priest (D:3)
  5 adders
  An ooze (D:3)
  A worm (D:2)
  3 dart slugs
  A leopard gecko (D:2)
  7 bats
  4 giant cockroaches (D:2)
  2 goblins
  6 hobgoblins
  7 jackals (D:2)
  5 kobolds
  4 frilled lizards
  4 rats
51 creatures vanquished.

Notes
Turn   | Place    | Note
-------+----------+-------------------------------------------
     0 | D:1      | Gynju the Minotaur Fighter began the quest for the Orb.
     0 | D:1      | Reached XP level 1. HP: 19/19 MP: 0/0
   150 | D:1      | Reached XP level 2. HP: 27/27 MP: 1/1
   572 | D:2      | Reached XP level 3. HP: 33/33 MP: 2/2
   871 | D:2      | Reached XP level 4. HP: 40/40 MP: 3/3
  1661 | D:3      | Reached XP level 5. HP: 14/47 MP: 4/4
  1663 | D:3      | Killed from afar by an orc priest

Vault maps used:
D:1:      nzn_arrival_depleted_hourglass
D:3:      first_ration, minmay_joined_circles

Skill      XL: |  1  2 |
---------------+-------+-----
Shields        | 4 |  4.7
Fighting       | 4 |  4.6
Armour         | 4 |  4.6
Axes           | 3 |  3.7

Action                   |  1- 3 |  4- 6 || total
-------------------------+-------+-------++-------
Melee: War axe           |    53 |    50 ||   103
       Headbutt          |    11 |     9 ||    20
  Eat: Chunk             |       |     2 ||     2
Armor: Scale mail        |    38 |    39 ||    77
Dodge: Dodged            |    15 |    11 ||    26
Block: Shield            |    25 |    42 ||    67

Table legend:
 A = Spawn XP
 B = Non-spawn XP
 C = Spawn XP percentage of total XP
 D = Spawn monster count
 E = Non-spawn monster count
 F = Spawn count percentage of total count
 G = Total turns spent on level
                    A         B        C        D         E        F      G
               +---------+---------+-------+---------+---------+-------+---------
         Total |       0 |     198 |   0.0 |       0 |      51 |   0.0 |  1663
               +---------+---------+-------+---------+---------+-------+---------
           D:1 |       0 |      34 |   0.0 |       0 |      14 |   0.0 |   652
           D:2 |       0 |     108 |   0.0 |       0 |      32 |   0.0 |   822
           D:3 |       0 |      56 |   0.0 |       0 |       5 |   0.0 |   189
               +---------+---------+-------+---------+---------+-------+---------
